 Dungeon Crawl Stone Soup version 0.30-a0-576-g89cddaab80 (webtiles) character file.

Game seed: 709558342422518395

125 wormed the Shooter (level 4, -2/23 HPs)
             Began as a Spriggan Hunter on Dec 31, 2022.
             Slain by a shadow imp (4 damage)
             ... on level 5 of the Dungeon.
             The game lasted 00:03:53 (1633 turns).

wormed the Shooter (Spriggan Hunter)                Turns: 1633, Time: 00:03:53

Health: -2/23      AC:  2    Str:  7    XL:     4   Next: 82%
Magic:  5/5        EV: 19    Int: 10    God:
Gold:   99         SH:  0    Dex: 20    Spells: 3/3 levels left

rFire   + . .      SeeInvis +    a - +0 shortbow
rCold   . . .      Faith    .    (shield currently unavailable)
rNeg    . . .      Spirit   .    c - +0 robe
rPois   .          Reflect  .    (helmet restricted)
rElec   .          Harm     .    (no cloak)
rCorr   .          Rampage  .    (gloves unavailable)
Will    .....                    (boots unavailable)
Stlth   +++                      (no amulet)
HPRegen 0.23/turn                g - ring of protection from fire
MPRegen 0.09/turn                (no ring)

@: very quick
A: very small, no large weapons, unfitting armour, see invisible, speed 3
a: no special abilities


You were on level 5 of the Dungeon.
You visited 1 branch of the dungeon, and saw 5 of its levels.

You collected 99 gold pieces.

Inventory:

Hand Weapons
 a - a +0 shortbow (weapon)
Armour
 c - a +0 robe (worn)
Jewellery
 g - a ring of protection from fire (left hand)
Scrolls
 b - a scroll of immolation
 d - a scroll of magic mapping {unknown}
 f - 2 scrolls of teleportation {unknown}
 h - a scroll of enchant armour {unknown}
 i - 2 scrolls of identify {unknown}
Potions
 e - 2 potions of degeneration {unknown}
 j - a potion of heal wounds {unknown}
 k - a potion of haste {unknown}
 l - a potion of might {unknown}


   Skills:
 + Level 2.3 Fighting
 * Level 5.0 Ranged Weapons
 + Level 3.8 Dodging
 + Level 3.6 Stealth


You had 3 spell levels left.
You didn't know any spells.
Your spell library contained the following spells:

 Spells                   Type           Power      Damage    Failure   Level
 Ensorcelled Hibernation  Hex/Ice        0%         N/A       50%         2
 Spider Form              Tmut/Pois      0%         N/A       75%         3
 Vhi's Electric Charge    Tloc/Air       0%         N/A       75%         3
 Anguish                  Hex/Necr       0%         N/A       98%         4
 Arcjolt                  Conj/Air       0%         1d10      100%        5
 Maxwell's Capacitive Co  Air            0%         ∞         100%        8


Dungeon Overview and Level Annotations

Branches:
Dungeon (5/15)
 Temple: D:4-7

Altars:
Sif Muna
Zin

Annotations:
D:2 Sigmund
D:3 Grinder


Innate Abilities, Weirdness & Mutations

You are very small and have problems with some larger weapons.
You are too small for most types of armour.
You have supernaturally acute eyesight. (SInv)
You cover ground extremely quickly. (Speed+++)


Message History

You see here a worm corpse.
You shoot an arrow. The arrow closely misses the hound.
The hound closely misses you.
You shoot an arrow. The arrow closely misses the hound.
You hear a shout!
The hound bites you. The hound bites you but does no damage.
You shoot an arrow. The arrow hits the hound!
You kill the hound!
The hound bites you.
Your Ranged Weapons skill increases to level 5!
You shoot an arrow. The arrow hits the hound!
The hound is heavily wounded.
The hound barely misses you. The hound closely misses you.
You shoot an arrow. The arrow barely misses the hound.
The arrow hits the hound.
The hound is moderately wounded.
The hound completely misses you.
You shoot an arrow. The arrow barely misses the hound.
The arrow closely misses the hound.
The hound closely misses you. x2
The white imp completely misses you.
You shoot an arrow. The arrow hits the hound.
The hound is severely wounded.
The hound bites you but does no damage. The hound completely misses you.
The white imp hits you. The white imp freezes you.
You shoot an arrow.
The arrow closely misses the shadow imp.
The hound bites you. The shadow imp completely misses you.
The hound completely misses you. The shadow imp hits you.
You shoot an arrow. The arrow hits the shadow imp!
The shadow imp is severely wounded.
The hound bites you. The shadow imp gestures at you.
Pain shoots through your body!
* * * LOW HITPOINT WARNING * * *
The hound closely misses you.
You shoot an arrow.
The arrow hits the shadow imp but does no damage.
The shadow imp is severely wounded.
The hound closely misses you. The shadow imp hits you.
You die...

######.hh..h...
#...##h###..###
#......# # #...####
##.## #†# ##h## ####
##5#h## #..# #.###@#
#..#### ##.#5##
#.....#
###.#######.....#
#........##.....#
#...#.........###
#...#..#.######
#......#.############.
#..##.........<.......
#..>.....##.....######


You could see 2 hounds and a shadow imp.

Vanquished Creatures
  2 hounds
  2 adders (D:2)
  A worm (D:5)
  2 dart slugs
  An orc (D:3)
  A bat (D:1)
  5 endoplasms
  A giant cockroach (D:1)
  2 hobgoblins
  2 quokkas (D:4)
  4 ball pythons
  4 frilled lizards
  9 goblins
  2 kobolds
  8 rats
46 creatures vanquished.

Vanquished Creatures (others)
  7 toadstools (D:2)
7 creatures vanquished.

Grand Total: 53 creatures vanquished

Notes
Turn   | Place    | Note
-------+----------+-------------------------------------------
     0 | D:1      | wormed the Spriggan Hunter began the quest for the Orb.
     0 | D:1      | Reached XP level 1. HP: 10/10 MP: 2/2
   161 | D:1      | Reached XP level 2. HP: 15/15 MP: 3/3
   716 | D:2      | Noticed Sigmund
   778 | D:2      | Reached XP level 3. HP: 18/18 MP: 4/4
   836 | D:3      | Found a glowing silver altar of Zin.
   971 | D:3      | Noticed Grinder
  1119 | D:4      | Reached XP level 4. HP: 23/23 MP: 5/5
  1222 | D:4      | Found a shimmering blue altar of Sif Muna.
  1350 | D:5      | Entered Level 5 of the Dungeon
  1494 | D:4      | Noticed a scorpion
  1625 | D:5      | Reached skill level 5 in Ranged Weapons
  1633 | D:5      | Slain by a shadow imp

Illustrated notes

Levels and vault maps discovered:
D:1:      dpeg_arrival_windows_large_door, layout_basic
D:2:      cheibrodos_fertilizer, layout_basic, uniq_sigmund
D:3:      layout_basic, zin_academy, gammafunk_temple_overflow_pools,
          shapermc_ecumenical_altar_mp_highgroup, uniq_grinder
D:4:      layout_basic, mainiacjoe_overflow_small_starburst,
          minmay_temple_entry_antechambers, chequers_avenue,
          roderic_roman_lattice
D:5:      layout_loops_cross, nrook_pool_corridor, minmay_tree_intersection

Skill      XL: |  1  2  3  4 |
---------------+-------------+-----
Stealth        | 2 3 |  3.6
Dodging        | 3 |  3.8
Fighting       | 2 |  2.3
Ranged Weapons | 5 |  5.0

Action                   |  1- 3 |  4- 6 || total
-------------------------+-------+-------++-------
 Fire: Shortbow          |    99 |    37 ||   136
Armor: Robe              |     4 |     2 ||     6
Dodge: Dodged            |    22 |    15 ||    37

Table legend: (Time is in decaauts)
 A = Elapsed time spent in this place.
 B = Non-inter-level travel time spent in this place.
 C = Inter-level travel time spent in this place.
 D = Time resting spent in this place.
 E = Time spent auto-exploring this place.
 F = Levels seen in this place.
 G = Mean time per level.
                   A        B        C        D        E       F      G
               +--------+--------+--------+--------+--------+-----+--------+
         Total |   1126 |   1050 |     76 |      0 |    736 |   5 |  225.2 |
       Dungeon |   1126 |   1050 |     76 |      0 |    736 |   5 |  225.2 |
               +--------+--------+--------+--------+--------+-----+--------+

Top non-repeatable levels by time:
     D:1: 500 daAuts
     D:4: 320 daAuts
     D:3: 140 daAuts
     D:5: 94 daAuts
     D:2: 70 daAuts
